 Dungeon Crawl Stone Soup version 0.25.1-2-g60ff931df9 (webtiles) character file.

Game seed: 5305313875609424256

41 Curus the Skirmisher (level 3, 0/31 HPs)
             Began as a Minotaur Abyssal Knight on Sept 1, 2020.
             Was a Follower of Lugonu.
             Slain by a gnoll
             ... wielding a +2 halberd of protection
              (14 damage)
             ... on level 2 of the Dungeon.
             The game lasted 00:03:37 (609 turns).

Curus the Skirmisher (Minotaur Abyssal Knight)       Turns: 609, Time: 00:03:38

Health: 0/31       AC:  8    Str: 14 (16) XL:     3   Next: 32%
Magic:  4/4        EV:  6    Int:  7 (9)  God:    Lugonu [*.....]
Gold:   53         SH:  0    Dex:  8 (10) Spells: 2/2 levels left

rFire    . . .     SeeInvis .   a - +1 spear
rCold    . . .     Gourm    .   (no shield)
rNeg     . . .     Faith    .   e - +0 chain mail
rPois    .         Spirit   .   (helmet restricted)
rElec    .         Reflect  .   (no cloak)
rCorr    .         Harm     .   (no gloves)
MR       +....     Rnd*Tele +   (no boots)
Stlth    ..........             h - amulet of the acrobat
HPRegen  0.10/turn              f - ring of protection from magic
MPRegen  0.09/turn              i - ring of teleportation (curse)

@: no status effects
A: retaliatory headbutt, horns 2
a: Depart the Abyss, Renounce Religion


You were on level 2 of the Dungeon.
You worshipped Lugonu.
Lugonu was aware of your devotion.
You were not hungry.

You visited 1 branch of the dungeon, and saw 2 of its levels.
You visited the Abyss 1 time.

You collected 53 gold pieces.

Inventory:

Hand Weapons
 a - a +1 spear (weapon)
 j - a +1 quarterstaff of protection
Armour
 b - a +0 leather armour
 e - a +0 chain mail (worn)
Jewellery
 f - a ring of protection from magic (left hand)
 h - an amulet of the acrobat (around neck)
 i - a cursed ring of teleportation (right hand)
Potions
 d - a potion of heal wounds
 k - a potion of curing
Comestibles
 c - 3 rations
 g - 9 chunks of flesh


   Skills:
 - Level 3.6 Fighting
 + Level 3.6 Polearms
 - Level 2.4 Armour
 - Level 1.1 Dodging
 + Level 2.9 Invocations


You had 2 spell levels left.
You didn't know any spells.
Your spell library was empty.

Dungeon Overview and Level Annotations

Branches:
Dungeon (2/15)

Altars:


Innate Abilities, Weirdness & Mutations

You reflexively headbutt those who attack you in melee.
You have a pair of horns on your head.


Message History

You hit the gnoll but do no damage. The gnoll hits you but does no damage.
You hit the gnoll but do no damage. The adder barely misses you.
The gnoll hits you but does no damage. The adder barely misses you.
You furiously retaliate!
You headbutt the adder!
You kill the adder!
Lugonu accepts your kill.
You feel your strength returning.
You hit the gnoll.
The gnoll is moderately wounded.
The gnoll hits you with a +2 halberd of protection!
You barely miss the gnoll.
You headbutt the gnoll, but do no damage.
The gnoll is moderately wounded.
You hit the gnoll.
The gnoll is heavily wounded.
The gnoll hits you with a +2 halberd of protection!
You hit the gnoll but do no damage.
The gnoll is heavily wounded.
The gnoll hits you with a +2 halberd of protection!
You die...

# ## #####. ## # #.. ....#
.## #. #.# #..# ..# #.##.##
#..## ##..#### #####.#...##
#...###.......
....)......####..#....#.#####
#........@gg.....#.#......
#.#.....####>.###..)..#
#.##.).#####..# #....<#
##.##..................#
###...#..######..###.....#
#........# #..# #.....#
.#...#.## #### ##..###
##.##.# #.$# #. #.# #..#


You could see 2 gnolls.

Vanquished Creatures
  A gnoll (D:2)
  An adder (D:2)
  A dart slug (D:1)
  A leopard gecko (D:2)
  A giant cockroach (D:1)
  3 hobgoblins
  A quokka (D:2)
  4 bats
  3 goblins
  2 kobolds
  2 rats
20 creatures vanquished.

Notes
Turn   | Place    | Note
-------+----------+-------------------------------------------
     0 | Abyss:1  | Curus the Minotaur Abyssal Knight began the quest for the
                  | Orb.
     0 | Abyss:1  | Reached XP level 1. HP: 19/19 MP: 1/1
    33 | Abyss:1  | Noticed a tormentor
    36 | D:1      | Escaped the Abyss
   175 | D:1      | Reached * piety under Lugonu
   195 | D:1      | Reached XP level 2. HP: 26/26 MP: 2/2
   424 | D:1      | You fall into a shaft and drop 1 floor!
   586 | D:2      | Reached XP level 3. HP: 28/31 MP: 2/4
   609 | D:2      | Slain by a gnoll

Illustrated notes

Levels and vault maps discovered:
D:1:      dpeg_arrival_concentric_ovals, layout_basic,
          chequers_serial_rivers_micro_b, minivault_27, st_stairs_12
D:2:      layout_loops_ring, lemuel_round_altar,
          yredelemnul_forgotten_temple_becter, lemuel_round_altar, first_ration,
          minmay_pentomino_z4

Skill      XL: |  1 |
---------------+----+-----
Invocations    | 2 |  2.9
Polearms       | 3 |  3.6
Fighting       | |  3.6
Armour         | |  2.4
Dodging        | |  1.1

Action                   || total
-------------------------++-------
Melee: Spear             ||    56
       Headbutt          ||     4
Invok: Depart the Abyss  ||     1
  Use: Potion            ||     3
       Scroll            ||     2
Armor: Chain mail        ||    25
Dodge: Dodged            ||    23
